 Dungeon Crawl Stone Soup version 0.26-a0-940-gf7e0b5f775 (webtiles) character file.

Game seed: 16144013621454081361

11248 dolemite99 the Impaler (level 11, 0/78 HPs)
             Began as a Merfolk Fighter on Nov 28, 2020.
             Was a Priest of Cheibriados.
             Slain by an eight-headed hydra (2 damage)
             ... on level 2 of the Lair of Beasts.
             The game lasted 00:24:00 (17732 turns).

dolemite99 the Impaler (Merfolk Fighter)           Turns: 17732, Time: 00:24:01

Health: 0/78       AC: 23    Str: 26    XL:     11   Next: 74%
Magic:  14/16      EV:  7    Int: 15    God:    Cheibriados [***...]
Gold:   931        SH:  0    Dex: 21    Spells: 0/10 levels left

rFire    + . .     SeeInvis .   B - +0 trident
rCold    . . .     Faith    .   (no shield)
rNeg     . . .     Spirit   .   O - +0 plate armour
rPois    .         Reflect  .   T - +0 helmet
rElec    .         Harm     .   q - scarf {repulsion}
rCorr    .         Rampage  .   E - +2 pair of gloves
MR       .....                  k - +2 pair of boots
Stlth    ..........             (no amulet)
HPRegen  0.23/turn              R - ring of protection from fire
MPRegen  0.15/turn              c - +4 ring of protection {=R}

@: about to teleport, repel missiles, very slow
A: change form in water, swift swim, stealthy swim
a: Bend Time, Temporal Distortion, Renounce Religion


You were on level 2 of the Lair of Beasts.
You worshipped Cheibriados.
Cheibriados was most pleased with you.
You visited 2 branches of the dungeon, and saw 13 of its levels.
You also visited: Sewer and Bailey.

You collected 1351 gold pieces.
You spent 420 gold pieces at shops.

Inventory:

Hand Weapons
 a - a +1 glaive
 b - the +4 war axe of Vunoqym {flame, Str+5}
   (You found it on level 6 of the Dungeon)

   It has been specially enchanted to burn those struck by it, causing extra
   injury to most foes and up to half again as much damage against particularly
   susceptible opponents.
   Big, fiery blades are also staple armaments of hydra-hunters.
   It affects your strength (+5).
 z - a cursed +0 halberd
 A - a +2 dagger of electrocution
 B - a +0 trident (weapon)
 H - a +0 arbalest
 K - a +2 dagger of venom
Missiles
 o - 236 stones (quivered)
 t - 222 sling bullets
 u - 113 bolts
 I - 29 poisoned darts
 J - 5 boomerangs
 L - 2 throwing nets
Armour
 k - a +2 pair of boots (worn)
 q - a scarf of repulsion (worn)
 C - a +0 kite shield
 D - a +0 scale mail
 E - a +2 pair of gloves (worn)
 F - a cursed +0 ring mail
 G - a +0 chain mail
 O - a +0 plate armour (worn)
 T - a +0 helmet (worn)
 W - a cursed +0 chain mail
Jewellery
 c - a +4 ring of protection (right hand) {=R}
 d - an uncursed ring of ice
 g - an uncursed ring of resist corrosion
 h - an uncursed amulet of magic regeneration
 l - an uncursed ring of poison resistance
 m - the ring "Votzeor" {+Fly rElec rC+ MR- Slay-4}
   (You found it on level 8 of the Dungeon)

   [ring of slaying]

   It affects your accuracy and damage with ranged weapons and melee attacks
   (-4).
   It protects you from cold.
   It insulates you from electricity.
   It affects your resistance to hostile enchantments.
   It lets you fly.
 N - the ring "Majo" {rElec EV-4}
   (You found it on level 8 of the Dungeon)

   [ring of evasion]

   It affects your evasion (-4).
   It insulates you from electricity.
 P - an uncursed ring of wizardry
 R - a ring of protection from fire (left hand)
Wands
 i - a wand of flame (40)
 M - a wand of polymorph (3)
Scrolls
 s - 3 scrolls of amnesia
 v - 2 scrolls of magic mapping
 x - 4 scrolls of teleportation
 y - a scroll of fog
 S - 3 scrolls of remove curse {@r2}
 V - a scroll of vulnerability
Potions
 e - 3 potions of flight
 f - 3 potions of attraction
 j - a potion of berserk rage {unknown}
 n - a potion of resistance {unknown}
 p - 3 potions of heal wounds
 r - a potion of magic {unknown}
 w - a potion of brilliance
 Q - a potion of curing


   Skills:
 - Level 4.3 Fighting
 + Level 15.9 Polearms
 - Level 4.5 Armour
 - Level 7.7 Shields
 - Level 7.8 Invocations
 - Level 7.7 Evocations


You couldn't memorise any spells.
You knew the following spells:

 Your Spells              Type           Power        Failure   Level
a - Animate Skeleton      Necr           #.....       98%         1
b - Apportation           Tloc           #.....       98%         1
c - Passwall              Tmut/Erth      #.......     99%         2
d - Summon Lightning Spi  Summ/Air       #.......     100%        4
e - Call Imp              Summ           #.......     99%         2

Your spell library contained the following spells:

 Spells                   Type           Power        Failure   Level
 Corona                   Hex            #......      98%         1
 Sandblast                Erth           #.....       98%         1
 Shock                    Conj/Air       #...         98%         1
 Summon Small Mammal      Summ           #...         98%         1
 Swiftness                Air            #.......     99%         2
 Call Canine Familiar     Summ           #.......     100%        3
 Static Discharge         Conj/Air       #.......     100%        3
 Stone Arrow              Conj/Erth      #.....       100%        3
 Summon Guardian Golem    Hex/Summ       #.......     100%        3
 Airstrike                Air            #.........   100%        4
 Petrify                  Tmut/Erth      #.......     100%        4
 Summon Ice Beast         Ice/Summ       #.......     100%        4
 Lee's Rapid Deconstruct  Erth           #.........   100%        5
 Lightning Bolt           Conj/Air       #.........   100%        5
 Summon Forest            Summ/Tloc      #.........   100%        5


Dungeon Overview and Level Annotations

Branches:
Dungeon (11/15)            Temple (0/1) D:4            Lair (2/6) D:9
  Sewer (visited)          Bailey (visited)
  Swamp: Lair:2-4    Shoals: Lair:2-4     Snake: Lair:2-4    Spider: Lair:2-4
    Orc: D:9-12

Altars:
Ashenzari
Cheibriados
Dithmenos
Hepliaklqana
Kikubaaqudgha
Nemelex Xobeh
Okawaru
Qazlal
Ru
Trog
Vehumet
Xom
The Shining One

Shops:
D:5 :


Message History

The eight-headed hydra bites you!
* * * LOW HITPOINT WARNING * * *
The eight-headed hydra bites you but does no damage. x2
You hit the eight-headed hydra but do no damage.
The eight-headed hydra is moderately wounded.
You hit the eight-headed hydra.
The eight-headed hydra is moderately wounded.
The eight-headed hydra bites you but does no damage. x4
The eight-headed hydra closely misses you.
The eight-headed hydra bites you but does no damage.
The eight-headed hydra barely misses you.
The eight-headed hydra bites you!
* * * LOW HITPOINT WARNING * * *
You hit the eight-headed hydra but do no damage.
The eight-headed hydra is moderately wounded.
You puncture the eight-headed hydra!
The eight-headed hydra is moderately wounded.
The eight-headed hydra bites you but does no damage.
The eight-headed hydra bites you.
You die...

........................
...##.#...##...........
..####...####.........
..####..ยง............
.^.........(........
.............(.....
..................#
...#....#.###P.D..#
..##......# #...@##
..#......## ##....#
.........# #...## ...#
..>## #P...# ..## ##...#
#...# #...# #....


You could see an eight-headed hydra.

Vanquished Creatures
  Fannar (D:10)
  A hydra (Lair:1)
  A necromancer (D:9)
  3 orc knights (Bailey)
  A black mamba (Lair:2)
  A rime drake (Lair:2)
  2 komodo dragons (Lair:2)
  Prince Ribbit (D:5)
  6 yaks
  3 water moccasins
  Duvessa (D:5)
  8 orc warriors
  2 sky beasts
  An ice beast (D:6)
  9 ogres
  An eye of draining (D:9)
  A phantom (D:10)
  4 centaurs
  5 bullfrogs
  4 big kobolds (Sewer)
  A wyvern zombie (D:7)
  Dowan (D:5)
  A wyvern skeleton (D:10)
  2 scorpions
  8 killer bees
  8 wights
  3 electric eels
  7 howler monkeys
  2 bullfrog zombies (D:7)
  A quasit (D:5)
  A centaur skeleton (D:9)
  3 orc priests (D:7)
  3 hounds
  A jelly (D:8)
  A gnoll shaman (D:9)
  2 orc wizards
  2 iguanas (D:8)
  4 worker ants
  3 polar bear simulacra (D:9)
  5 yak simulacra (D:9)
  2 wolf simulacra (D:9)
  A hound zombie (D:8)
  18 adders
  9 gnolls (D:9)
  5 river rats
  A worker ant zombie (D:6)
  2 shadow imps
  2 white imps
  An ufetubus (D:5)
  3 oozes (Sewer)
  An adder skeleton (D:5)
  An adder zombie (D:6)
  6 worms
  2 dart slugs
  2 leopard geckos
  25 orcs
  6 ball pythons
  11 bats
  14 goblins
  5 hobgoblins
  6 jackals
  5 quokkas
  2 frilled lizards
  12 kobolds
  A quokka skeleton (D:4)
  A quokka zombie (D:7)
  31 rats
  A river rat simulacrum (D:9)
291 creatures vanquished.

Vanquished Creatures (collateral kills)
  A troll (D:10)
1 creature vanquished.

Vanquished Creatures (others)
  A goblin (D:9)
  5 fungi
  8 plants
  6 toadstools (D:8)
  A withered plant (D:4)
21 creatures vanquished.

Grand Total: 313 creatures vanquished

Notes
Turn   | Place    | Note
-------+----------+-------------------------------------------
     0 | D:1      | dolemite99 the Merfolk Fighter began the quest for the Orb.
     0 | D:1      | Reached XP level 1. HP: 18/18 MP: 1/1
   121 | D:1      | Reached skill level 4 in Polearms
   121 | D:1      | Reached XP level 2. HP: 22/24 MP: 2/2
   404 | D:1      | Reached skill level 5 in Polearms
   404 | D:1      | Reached XP level 3. HP: 29/29 MP: 3/3
  1011 | D:2      | Reached skill level 6 in Polearms
  1346 | D:2      | Reached XP level 4. HP: 33/35 MP: 4/4
  1509 | D:2      | Found a snail-covered altar of Cheibriados.
  1569 | D:2      | Became a worshipper of Cheibriados the Contemplative
  1686 | D:2      | Found a sparkling altar of Nemelex Xobeh.
  1696 | D:2      | Found a shimmering altar of Xom.
  1748 | D:2      | Found a hazy altar of Hepliaklqana.
  1749 | D:2      | Found a shadowy altar of Dithmenos.
  1749 | D:2      | Noticed a shadow
  1816 | D:2      | Found a faded altar of an unknown god.
  2222 | D:2      | Reached * piety under Cheibriados
  2299 | D:2      | Reached skill level 7 in Polearms
  2630 | D:3      | Reached XP level 5. HP: 18/41 MP: 5/5
  2932 | D:3      | Found a glowing drain.
  2939 | Sewer    | Entered a sewer
  3192 | Sewer    | Reached skill level 8 in Polearms
  3753 | Sewer    | Noticed a big kobold
  3760 | Sewer    | Reached XP level 6. HP: 47/47 MP: 6/6
  3769 | Sewer    | Reached skill level 9 in Polearms
  3951 | Sewer    | Reached skill level 10 in Polearms
  4014 | Sewer    | Reached XP level 7. HP: 46/52 MP: 7/7
  4082 | Sewer    | Reached skill level 11 in Polearms
  4513 | D:3      | Found a stormy altar of Qazlal.
  4640 | D:3      | Reached ** piety under Cheibriados
  4936 | D:4      | Found an ancient bone altar of Kikubaaqudgha.
  4994 | D:4      | Found a staircase to the Ecumenical Temple.
  5388 | D:5      | Entered Level 5 of the Dungeon
  5924 | D:5      | Found Ruysem's Book Boutique.
  6141 | D:5      | Noticed Prince Ribbit
  6271 | D:5      | Killed Prince Ribbit
  6272 | D:5      | Reached skill level 5 in Shields
  6272 | D:5      | Reached XP level 8. HP: 35/61 MP: 8/8
  6631 | D:5      | Noticed Duvessa
  6631 | D:5      | Noticed Dowan
  6650 | D:5      | Killed Duvessa
  6666 | D:5      | Killed Dowan
  6735 | D:5      | Found a broken altar of Ashenzari.
  8214 | D:6      | Got a glimmering war axe
  8219 | D:6      | Identified the +4 war axe of Vunoqym {flame, Str+5} (You
                  | found it on level 6 of the Dungeon)
  8396 | D:6      | Reached skill level 1 in Evocations
  8432 | D:6      | Reached XP level 9. HP: 61/66 MP: 7/9
  8490 | D:6      | Reached *** piety under Cheibriados
  8748 | D:7      | Found a bloodstained altar of Trog.
  9764 | D:7      | Reached skill level 5 in Evocations
 10480 | D:8      | Found a radiant altar of Vehumet.
 10498 | D:8      | Reached **** piety under Cheibriados
 10570 | D:8      | Got a glittering glass ring
 10571 | D:8      | Identified the cursed ring "Votzeor" {+Fly rElec rC+ MR-
                  | Slay-4} (You found it on level 8 of the Dungeon)
 10661 | D:8      | Reached skill level 1 in Invocations
 10848 | D:8      | Found a sacrificial altar of Ru.
 10848 | D:8      | Found an iron altar of Okawaru.
 11105 | D:8      | Reached XP level 10. HP: 66/73 MP: 12/12
 11163 | D:8      | Identified the Compendium of Creative Shape Shifting
 11172 | D:8      | Learned a level 1 spell: Animate Skeleton
 11174 | D:8      | Learned a level 1 spell: Apportation
 11177 | D:8      | Learned a level 2 spell: Passwall
 11204 | D:8      | Got a transparent amber ring
 11586 | D:9      | Found a flagged portal.
 11588 | D:9      | Found a staircase to the Lair.
 11596 | Bailey   | Entered a bailey
 11596 | Bailey   | Noticed an orc knight
 11597 | Bailey   | Noticed an orc knight
 11599 | Bailey   | Noticed an orc knight
 11612 | Bailey   | Killed an orc knight
 11647 | Bailey   | Killed an orc knight
 11673 | Bailey   | Reached ***** piety under Cheibriados
 11692 | Bailey   | Killed an orc knight
 11693 | Bailey   | Reached skill level 5 in Invocations
 13792 | D:9      | Found a glowing golden altar of the Shining One.
 13874 | D:9      | Paralysed by a hornet for 1 turns
 13879 | D:9      | Reached XP level 11. HP: 35/78 MP: 16/16
 13883 | D:9      | Reached skill level 12 in Polearms
 14513 | D:9      | Noticed a necromancer
 14525 | D:9      | Killed a necromancer
 14780 | D:9      | Reached skill level 13 in Polearms
 14949 | D:5      | Bought a book of Callings for 420 gold pieces
 14954 | D:5      | Learned a level 4 spell: Summon Lightning Spire
 14957 | D:5      | Learned a level 2 spell: Call Imp
 15074 | D:10     | Entered Level 10 of the Dungeon
 15074 | D:10     | Noticed Fannar
 15076 | D:10     | Identified the cursed ring "Majo" {rElec EV-4} (You found
                  | it on level 8 of the Dungeon)
 15087 | D:10     | Killed Fannar
 15650 | D:10     | Reached skill level 14 in Polearms
 15749 | D:10     | Noticed a two-headed ogre
 15769 | Lair:1   | Entered Level 1 of the Lair of Beasts
 15971 | Lair:1   | Noticed an eight-headed hydra
 15980 | Lair:1   | Killed an eight-headed hydra
 16928 | Lair:2   | Reached skill level 15 in Polearms
 17710 | Lair:2   | Noticed an eight-headed hydra
 17730 | Lair:2   | HP: 2/78 [eight-headed hydra (10)]
 17732 | Lair:2   | Slain by an eight-headed hydra

Illustrated notes

Levels and vault maps discovered:
D:1:      minmay_arrival_five_plusses, layout_loops_ring
D:2:      layout_basic, riverfiend_overflow_shadow_ancestor,
          cheibriados_altar_1, amethyst_overflow_temple_binary,
          chequers_ecumenical_altar_grove, minmay_rat_hole
D:3:      layout_loops_ring, nicolae_qazlal_eye_of_the_storm,
          lightli_sewer_entry_pipes
D:4:      layout_gridville, kiku_gazebo_garden_becter, minmay_temple_entry_waves
D:5:      layout_loops_corners, evilmike_ruin_ashenzari, serial_shops, shop,
          chequers_big_river, minmay_misc_feat_more_columns, uniq_duvessa,
          uniq_prince_ribbit1
D:6:      layout_basic
D:7:      layout_gridville, kennysheep_little_box
D:8:      layout_basic, vehumet_crystals, gammafunk_temple_overflow_pools,
          minivault_10, minmay_crystal_water, minmay_gold_behind_fungi
D:9:      layout_basic, nicolae_overflow_hidden_temple, lair_entry_dummy,
          enter_bailey_5, eino_house_with_fridge
D:10:     layout_big_octagon, nicolae_trove_entry_crystal, evilmike_minifort,
          uniq_fannar, uniq_psyche
D:11:     layout_roguey, uniq_josephine, uniq_nergalle, uniq_erolcha
Lair:1:   layout_loops_ring, infiniplex_staircase_pool, serial_bayou_shore_a
Lair:2:   layout_small_grid, guppyfry_snake_entry_island, grunt_megastairs_2

Skill      XL: |  1  2  3  4  5  6  7  8  9 10 11 |
---------------+----------------------------------+-----
Polearms       | 4 5 6 7 8 10 11 15 | 15.9
Fighting       | 4 |  4.3
Shields        | 5 7 |  7.7
Evocations     | 2 7 |  7.7
Invocations    | 3 7 |  7.8
Armour         | 4 |  4.5

Action                   |  1- 3 |  4- 6 |  7- 9 | 10-12 || total
-------------------------+-------+-------+-------+-------++-------
Melee: Trident           |   141 |   237 |   428 |   280 ||  1086
       Tailslap          |       |    15 |     3 |     1 ||    19
       War axe           |       |       |     4 |    23 ||    27
       Unarmed           |       |       |       |     6 ||     6
       Glaive            |       |       |       |    40 ||    40
 Fire: Arbalest          |       |       |       |    20 ||    20
Throw: Stone             |       |    66 |    32 |    18 ||   116
       Boomerang         |       |       |    11 |       ||    11
       Dart              |       |       |     9 |    75 ||    84
Invok: Bend Time         |       |       |     2 |     2 ||     4
       Slouch            |       |       |       |     8 ||     8
Evoke: Wand              |       |       |    39 |    47 ||    86
  Use: Scroll            |       |       |    16 |    12 ||    28
       Potion            |       |       |     1 |     8 ||     9
 Stab: Paralysed         |       |       |       |     2 ||     2
Armor: Scale mail        |    63 |    65 |    49 |       ||   177
       Chain mail        |       |       |    67 |     5 ||    72
       Plate armour      |       |       |       |   317 ||   317
Dodge: Dodged            |    31 |    52 |    79 |   154 ||   316
       Repelled          |       |       |     1 |     2 ||     3
Block: Kite shield       |    69 |    80 |   200 |    63 ||   412

Table legend: (Time is in decaauts)
 A = Elapsed time spent in this place.
 B = Non-inter-level travel time spent in this place.
 C = Inter-level travel time spent in this place.
 D = Time resting spent in this place.
 E = Time spent auto-exploring this place.
 F = Levels seen in this place.
 G = Mean time per level.
                   A        B        C        D        E       F      G
               +--------+--------+--------+--------+--------+-----+--------+
         Total |  21714 |  20496 |   1218 |   6991 |  10108 |  15 | 1447.6 |
       Dungeon |  16629 |  15458 |   1171 |   4864 |   8115 |  11 | 1511.7 |
          Lair |   2567 |   2520 |     47 |    940 |   1344 |   2 | 1283.5 |
         Sewer |   1323 |   1323 |      0 |    381 |    648 |   1 | 1323.0 |
        Bailey |   1193 |   1193 |      0 |    805 |      0 |   1 | 1193.0 |
               +--------+--------+--------+--------+--------+-----+--------+

Top non-repeatable levels by time:
     D:9: 2956 daAuts
     D:5: 2749 daAuts
  Lair:1: 2229 daAuts
     D:2: 2034 daAuts
     D:8: 1816 daAuts
     D:7: 1756 daAuts
     D:6: 1728 daAuts
   Sewer: 1323 daAuts
     D:3: 1250 daAuts
  Bailey: 1193 daAuts
     D:4: 882 daAuts
    D:10: 778 daAuts
     D:1: 675 daAuts
  Lair:2: 338 daAuts
    D:11: 1 daAuts
